 Dungeon Crawl Stone Soup version 0.19-a0-1937-g70ed36a (webtiles) character file.

46 JeffiDaFish the Skirmisher (level 3, -9/33 HPs)
             Began as a Hill Orc Fighter on Oct 26, 2016.
             Mangled by a goblin
             ... wielding a +0 dagger of electrocution
              (19 damage)
             ... on level 3 of the Dungeon.
             The game lasted 00:02:53 (1643 turns).

JeffiDaFish the Skirmisher (Hill Orc Fighter)       Turns: 1643, Time: 00:02:55

Health: -9/33      AC:  9    Str: 19    XL:     3   Next: 68%
Magic:  3/3        EV:  5    Int:  8    God:
Gold:   119        SH:  9    Dex: 10    Spells: 0 memorised, 2 levels left

rFire  . . .     SeeInvis .     a - +0 war axe
rCold  . . .     Gourm    .     i - +0 chain mail
rNeg   . . .     Faith    .     c - +0 shield
rPois  .         Spirit   .     (no helmet)
rElec  .         Reflect  .     (no cloak)
rCorr  .         Harm     .     (no gloves)
MR     .....                    (no boots)
Stlth  ..........               (no amulet)
                                (no ring)
                                (no ring)

@: no status effects
A: no striking features
a: no special abilities


You were on level 3 of the Dungeon.
You were not hungry.

You visited 1 branch of the dungeon, and saw 3 of its levels.

You collected 119 gold pieces.

Inventory:

Hand Weapons
 a - a +0 war axe (weapon)
Armour
 c - a +0 shield (worn)
 i - a +0 chain mail (worn)
Scrolls
 e - 2 scrolls of amnesia
 g - a scroll of remove curse
Potions
 d - a potion of might
Comestibles
 f - 2 bread rations
 h - a meat ration


   Skills:
 + Level 4.1 Fighting
 + Level 3.9 Axes
 + Level 3.6 Armour
 + Level 0.2 Dodging
 + Level 3.5 Shields


You had 2 spell levels left.
You didn't know any spells.

Dungeon Overview and Level Annotations

Branches:
Dungeon (3/15)

Altars:
Cheibriados
Fedhas


Message History

The hobgoblin hits you.
You completely miss the hobgoblin. You hit the goblin.
The goblin completely misses you.
The hobgoblin hits you but does no damage.
You block the goblin's attack.
You closely miss the hobgoblin.
Your shield and chain mail prevent you from hitting the goblin.
You block the hobgoblin's attack. The goblin hits you but does no damage.
You are electrocuted!
You closely miss the hobgoblin. You closely miss the goblin.
You block the hobgoblin's attack. The goblin hits you but does no damage.
You are electrocuted!
The hobgoblin hits you but does no damage.
You closely miss the hobgoblin.
Your shield and chain mail prevent you from hitting the goblin.
The goblin barely misses you.
The hobgoblin hits you but does no damage.
The goblin hits you but does no damage.
You are electrocuted!
Ouch! That really hurt!
You die...

######## #......# #......#
##......# ........# ..
#.#....##.# ##.#.. ...
###.#g....#.# ....# ....
#.#.#@g.#.#. ##...#
...###...........# .....
#.......#####..##.####...#
#...........##.##.........
#.......###.##.##..###.#.#
#####.### #.............<.
#.# #.##..#...##.... #.#
#............... #.#
#...............


You could see a hobgoblin and a goblin.

Vanquished Creatures
  An adder (D:2)
  3 leopard geckos
  A ball python (D:1)
  3 bats (D:2)
  4 giant cockroaches
  7 goblins
  3 hobgoblins
  3 frilled lizards
  3 kobolds
  4 rats
32 creatures vanquished.

Notes
Turn   | Place    | Note
-------+----------+-------------------------------------------
     0 | D:1      | JeffiDaFish the Hill Orc Fighter began the quest for the Orb.
     0 | D:1      | Reached XP level 1. HP: 19/19 MP: 1/1
     2 | D:1      | Noticed a spriggan
     2 | D:1      | Noticed a formicid
     4 | D:1      | Noticed an ogre
     4 | D:1      | Noticed a centaur
     6 | D:1      | Noticed an octopode
     6 | D:1      | Noticed a vine stalker
    10 | D:1      | Noticed a naga
    12 | D:1      | Noticed a gargoyle
    12 | D:1      | Noticed a tengu
    14 | D:1      | Noticed a halfling
    14 | D:1      | Noticed a dwarf
    16 | D:1      | Noticed a ghoul
    16 | D:1      | Noticed a human
    18 | D:1      | Noticed a vampire
    18 | D:1      | Noticed a merfolk
    20 | D:1      | Noticed a draconian
    20 | D:1      | Noticed a troll
    22 | D:1      | Noticed a minotaur
    24 | D:1      | Noticed a demonspawn
    24 | D:1      | Noticed a felid
    27 | D:1      | Noticed a demigod
    27 | D:1      | Noticed an elf
   168 | D:1      | Reached XP level 2. HP: 27/27 MP: 2/2
   314 | D:1      | Reached skill level 4 in Fighting
   572 | D:2      | Found a blossoming altar of Fedhas.
   721 | D:2      | Reached XP level 3. HP: 31/33 MP: 3/3
  1497 | D:3      | Found a snail-covered altar of Cheibriados.
  1643 | D:3      | Mangled by a goblin

Vault maps used:
D:1:      kb_arrival_jail
D:2:      lemuel_doored_altar
D:3:      old_standard_altar, first_bread, uniq_crazy_yiuf_cottage

Skill      XL: |  1  2 |
---------------+-------+-----
Axes           | 3 |  3.9
Fighting       | 4 |  4.1
Armour         | |  3.6
Dodging        | |  0.2
Shields        | |  3.5

Action                   || total
-------------------------++-------
Melee: War axe           ||   131
  Use: Scroll            ||     7
       Potion            ||     4
  Eat: Chunk             ||     3
Armor: Scale mail        ||    14
       Chain mail        ||    66
Dodge: Dodged            ||    31
Block: Shield            ||    80
